 Dungeon Crawl Stone Soup version 0.28-a0-413-gde365fb1df (webtiles) character file.

Game seed: 3211195125646650835

3824 bellsore the Grappler (level 9, -9/96 HPs)
             Began as a Troll Monk on Aug 31, 2021.
             Was a Believer of Makhleb.
             Mangled by a two-headed ogre (23 damage)
             ... on level 5 of the Dungeon on Sept 7, 2021.
             The game lasted 00:16:09 (5490 turns).

bellsore the Grappler (Troll Monk)                  Turns: 5490, Time: 00:16:09

Health: -9/96      AC:  8    Str: 25    XL:     9   Next: 97%
Magic:  18/18      EV: 12    Int:  6    God:    Makhleb [**....]
Gold:   290        SH:  0    Dex: 14    Spells: 8/8 levels left

rFire   . . .      SeeInvis +     - Unarmed
rCold   . . .      Faith    .   (no shield)
rNeg    . . .      Spirit   .   v - +0 steam dragon scales
rPois   .          Reflect  .   (helmet restricted)
rElec   .          Harm     .   d - +0 cloak
rCorr   .          Rampage  .   (gloves unavailable)
Will    .....                   (boots unavailable)
Stlth   ++........              p - amulet of the acrobat
HPRegen 1.26/turn               s - ring of see invisible
MPRegen 0.16/turn               c - ring "Bimuth" {MP+9 Str+3}

@: lethally poisoned (-9 -> -9)
A: large, unfitting armour, claws 3, regeneration 1, shaggy fur 1, tough skin 1
a: Renounce Religion, Minor Destruction


You were on level 5 of the Dungeon.
You worshipped Makhleb.
Makhleb was pleased with you.
You visited 2 branches of the dungeon, and saw 8 of its levels.

You collected 290 gold pieces.

Inventory:

Armour
 a - a +0 robe
 d - a +0 cloak (worn)
 v - +0 steam dragon scales (worn)
Jewellery
 c - the ring "Bimuth" (right claw) {MP+9 Str+3}
   (You acquired it on level 6 of the Dungeon)

   [ring of magical power]

   Str:       It affects your strength (+3).
   MP:        It affects your magic capacity (+9).
 j - a ring of protection from cold
 p - an amulet of the acrobat (around neck)
 s - a ring of see invisible (left claw)
Scrolls
 b - 9 scrolls of identify
 f - 2 scrolls of blinking
Potions
 g - a potion of degeneration
 k - a potion of curing
 l - a potion of flight


   Skills:
 + Level 7.9 Fighting
 + Level 5.6 Dodging
 - Level 1.0 Stealth
 + Level 9.4 Unarmed Combat
 + Level 2.6 Invocations


You had 8 spell levels left.
You didn't know any spells.
Your spell library contained the following spells:

 Spells                   Type           Power      Damage    Failure   Level
 Animate Skeleton         Necr           0%         N/A       45%         1
 Apportation              Tloc           0%         N/A       45%         1
 Corona                   Hex            0%         N/A       45%         1
 Summon Small Mammal      Summ           0%         N/A       45%         1
 Passage of Golubria      Tloc           N/A        N/A       99%         4
 Agony                    Necr           0%         N/A       100%        5
 Silence                  Hex/Air        0%         N/A       100%        5
 Lehudib's Crystal Spear  Conj/Erth      0%         10d2      100%        8


Dungeon Overview and Level Annotations

Branches:
Dungeon (7/15)             Temple (1/1) D:6

Altars:
Ashenzari
Cheibriados
Dithmenos
Elyvilon
Gozag
Hepliaklqana
Kikubaaqudgha
Makhleb
Nemelex Xobeh
Okawaru
Qazlal
Ru
Sif Muna
Trog
Uskayaw
Vehumet
Xom
Zin

Shops:
D:5 **

Annotations:
D:3 1 runed translucent door, Crazy Yiuf


Innate Abilities, Weirdness & Mutations

You are too large for most types of armour.
You have claws for hands.
Your natural rate of healing is unusually fast.
You are covered in fur. (AC +1)
You have tough skin. (AC +1)


Message History

You feel sick. The killer bee completely misses you.
You feel sick. The killer bee misses you.
There is a stone staircase leading up here.
You feel sick. The killer bee barely misses you. The killer bee misses you.
The two-headed ogre hits you with a +0 giant club!
* * * LOW HITPOINT WARNING * * *
The two-headed ogre barely misses you.
You climb upwards.
You feel sick.
There is a stone staircase leading down here.
You scratch the killer bee.
The killer bee is severely wounded.
You feel sick. The killer bee stings you.
* * * LOW HITPOINT WARNING * * *
You are more poisoned.
The killer bee poisons you!
The killer bee stings you but does no damage.
You feel much better.
You feel very sick. The killer bee stings you. The two-headed ogre misses you.
The two-headed ogre hits you with a +0 giant club!!
The killer bee closely misses you.
You closely miss the killer bee.
The killer bee is severely wounded.
You feel sick. The killer bee misses you.
The two-headed ogre hits you with a +0 giant club!
* * * LOW HITPOINT WARNING * * *
The two-headed ogre hits you with a +0 giant club.
* * * LOW HITPOINT WARNING * * *
You barely miss the killer bee.
The killer bee is severely wounded.
You feel sick. The killer bee closely misses you. The killer bee stings you.
* * * LOW HITPOINT WARNING * * *
Unknown command.
Okay, then.
You miss the killer bee.
The killer bee is severely wounded.
You feel sick. The killer bee barely misses you.
The two-headed ogre barely misses you.
The two-headed ogre hits you with a +0 giant club!!
You die...

..####.# #.#########
#.# ..>.##.#
#.........# #.##
..)....#
#########.########..#
.).....# #..)....).#[#
...)...###
#.#######.#.#
.[)......# #[# #)#.#
.).....#.# #.# ##.#.#
.......#.#
#######.######....##
#......#.#
#.y@O..............#
##.###.#.#
#.#####.######.....#
#.####.#.# #.# #.#
##.#..# ....<..#.# #.#
#.# #.#..# .(######.#
#.# #.# #.#..#
....####.# #.#
#.#######.#..#
.........# #.#
#.........#...
....####.#
###.#####.########....
..### #.#
#.........##### #....


You could see a two-headed ogre and a killer bee.

Vanquished Creatures
  Pikel (D:4)
  A centaur zombie (D:5)
  Eustachio (D:3)
  Menkaure (D:5)
  2 steam dragons (D:6)
  The ghost of ytrimaz the Insei, an amateur OpTm (D:4)
  A sky beast (D:6)
  4 ice beasts
  3 necrophages
  An ogre (D:6)
  A centaur (D:6)
  A phantom (D:6)
  3 bullfrogs
  3 scorpions
  3 killer bees
  7 wights
  A bullfrog zombie (D:6)
  2 hounds
  5 orc priests (D:5)
  A bullfrog skeleton (D:6)
  A centaur skeleton (D:6)
  6 iguanas
  2 orc wizards (D:5)
  A howler monkey skeleton (D:5)
  9 adders
  2 ufetubi
  3 dart slugs (D:2)
  16 orcs
  7 ball pythons
  12 endoplasms
  2 giant cockroaches
  6 hobgoblins
  11 jackals
  8 kobolds
  6 quokkas
  6 bats
  5 frilled lizards
  9 goblins
  5 rats
  A spectral goblin (D:1)
161 creatures vanquished.

Notes
Turn   | Place    | Note
-------+----------+-------------------------------------------
     0 | D:1      | bellsore the Troll Monk began the quest for the Orb.
     0 | D:1      | Reached XP level 1. HP: 22/22 MP: 0/0
    81 | D:1      | Reached XP level 2. HP: 28/29 MP: 1/1
   346 | D:1      | Reached XP level 3. HP: 37/37 MP: 2/2
   353 | D:1      | Found a faded altar of an unknown god.
   845 | D:2      | Reached skill level 4 in Unarmed Combat
   962 | D:2      | Reached XP level 4. HP: 45/45 MP: 3/3
   975 | D:2      | Got the Reference Book on Supportive Evil Secrets
  1958 | D:3      | Upgraded the game from 0.28-a0-313-gbc0475efdd to
                  | 0.28-a0-413-gde365fb1df
  2199 | D:3      | Found a runed translucent door.
  2200 | D:3      | Noticed Crazy Yiuf
  2307 | D:4      | Noticed a necrophage
  2325 | D:3      | Killed a necrophage
  2326 | D:3      | Reached skill level 5 in Unarmed Combat
  2326 | D:3      | Reached XP level 5. HP: 48/54 MP: 4/4
  2377 | D:4      | Reached XP level 6. HP: 59/62 MP: 5/5
  2462 | D:4      | Noticed Pikel
  2480 | D:4      | Killed Pikel
  2481 | D:4      | Reached skill level 5 in Fighting
  2481 | D:4      | Reached skill level 6 in Unarmed Combat
  2481 | D:4      | Reached XP level 7. HP: 54/74 MP: 6/6
  2589 | D:4      | Noticed Eustachio
  2711 | D:3      | Killed Eustachio
  2712 | D:3      | Reached skill level 7 in Unarmed Combat
  2765 | D:4      | Reached XP level 8. HP: 83/83 MP: 7/7
  2810 | D:4      | Found a runed translucent door.
  2810 | D:4      | Noticed ytrimaz's ghost (amateur OpTm)
  2985 | D:4      | Killed ytrimaz's ghost
  3005 | D:5      | Entered Level 5 of the Dungeon
  3107 | D:5      | Noticed Menkaure
  3114 | D:5      | Killed Menkaure
  3115 | D:5      | Reached skill level 8 in Unarmed Combat
  3379 | D:5      | Found Kitelar's General Store.
  3385 | D:5      | Found Ystri's Specific Store.
  3754 | D:5      | Reached XP level 9. HP: 92/92 MP: 8/8
  3911 | D:5      | Identified the +1 hand axe "Utinemep" {freeze, *Corrode
                  | Str+4 Dex+3}
  4309 | D:6      | Found a shimmering blue altar of Sif Muna.
  4391 | D:6      | Found a staircase to the Ecumenical Temple.
  4406 | Temple   | Entered the Ecumenical Temple
  4528 | Temple   | Became a worshipper of Makhleb the Destroyer
  4528 | Temple   | Reached * piety under Makhleb
  4528 | Temple   | Reached ** piety under Makhleb
  4636 | D:6      | Found a hazy altar of Hepliaklqana.
  4665 | D:6      | Reached skill level 9 in Unarmed Combat
  4684 | D:6      | Reached skill level 5 in Dodging
  4690 | D:6      | Reached skill level 1 in Invocations
  4748 | D:6      | HP: 3/85 [wight (6)]
  5138 | D:6      | Identified a scroll of acquirement
  5138 | D:6      | Acquired the ring "Bimuth" {MP+9 Str+3}
  5414 | D:7      | Noticed a two-headed ogre
  5490 | D:5      | Mangled by a two-headed ogre

Illustrated notes

Levels and vault maps discovered:
D:1:      evilmike_arrival_crescent, layout_basic,
          dreamdust_ecumenical_altar_drowned_temple
D:2:      layout_loops_corners, kennysheep_another_room
D:3:      layout_loops_ring, corner_web_ring, uniq_crazy_yiuf_cottage
D:4:      layout_cave_pools, gammafunk_ghost_grave, uniq_pikel, uniq_eustachio
D:5:      layout_loops_ring, nicolae_specific_store, uniq_menkaure
D:6:      layout_loops_ring, mainiacjoe_overflow_tiny_flanked,
          nicolae_sif_muna_condensation, temple_green, st_stairs_11,
          grunt_ministairs_7
D:7:      layout_rooms
Temple:   regret_index_temple_sphere_string

Skill      XL: |  1  2  3  4  5  6  7  8  9 |
---------------+----------------------------+-----
Fighting       | 3 4 5 6 7 |  7.9
Unarmed Combat | 4 5 6 7 8 9 |  9.4
Dodging        | 4 5 |  5.6
Invocations    | 2 |  2.6
Stealth        | |  1.0

Action                   |  1- 3 |  4- 6 |  7- 9 || total
-------------------------+-------+-------+-------++-------
Melee: Unarmed           |   112 |   131 |   264 ||   507
       Punch             |       |     1 |    11 ||    12
  Use: Potion            |       |     3 |     8 ||    11
       Scroll            |       |       |     6 ||     6
 Stab: Sleeping          |     3 |     3 |     2 ||     8
Armor: Robe              |    44 |    38 |    69 ||   151
       Skin              |       |    14 |       ||    14
       Steam dragon scal |       |       |    11 ||    11
Dodge: Dodged            |    50 |    66 |   246 ||   362

Table legend: (Time is in decaauts)
 A = Elapsed time spent in this place.
 B = Non-inter-level travel time spent in this place.
 C = Inter-level travel time spent in this place.
 D = Time resting spent in this place.
 E = Time spent auto-exploring this place.
 F = Levels seen in this place.
 G = Mean time per level.
                   A        B        C        D        E       F      G
               +--------+--------+--------+--------+--------+-----+--------+
         Total |   5446 |   5292 |    154 |    786 |   3340 |   8 |  680.8 |
       Dungeon |   5297 |   5172 |    125 |    786 |   3235 |   7 |  756.7 |
        Temple |    148 |    119 |     29 |      0 |    105 |   1 |  148.0 |
               +--------+--------+--------+--------+--------+-----+--------+

Top non-repeatable levels by time:
     D:5: 1155 daAuts
     D:6: 1104 daAuts
     D:3: 919 daAuts
     D:2: 802 daAuts
     D:1: 704 daAuts
     D:4: 563 daAuts
  Temple: 148 daAuts
     D:7: 47 daAuts
